 Dungeon Crawl Stone Soup version 0.29.0-4-gdea44cf6ec (webtiles) character file.

Game seed: 1661174828459003864

46 qw the Chopper (level 3, 0/21 HPs)
             Began as a Tengu Warper on Aug 28, 2022.
             Slain by a gnoll
             ... wielding a +0 flail
              (2 damage)
             ... on level 2 of the Dungeon.
             The game lasted 00:00:06 (1611 turns).

qw the Chopper (Tengu Warper)                       Turns: 1611, Time: 00:00:06

Health: 0/21       AC:  5    Str: 11 (13) XL:     3   Next: 68%
Magic:  7/7        EV: 10    Int: 10 (13) God:
Gold:   70         SH:  0    Dex: 12 (13) Spells: 6/6 levels left

rFire   + . .      SeeInvis .   Y - +0 hand axe
rCold   . . .      Faith    .   (no shield)
rNeg    . . .      Spirit   .   f - +0 ring mail
rPois   .          Reflect  .   (helmet restricted)
rElec   .          Harm     .   (no cloak)
rCorr   .          Rampage  .   (no gloves)
Will    .....                   (boots unavailable)
Stlth   +.........              (no amulet)
HPRegen 0.07/turn               e - ring of protection from fire
MPRegen 0.10/turn               (no ring)

@: no status effects
A: beak, talons 3
a: no special abilities


You were on level 2 of the Dungeon.
You visited 1 branch of the dungeon, and saw 2 of its levels.

You collected 70 gold pieces.


Innate Abilities, Weirdness & Mutations

You have a beak for a mouth.
You have claws for feet.


   Skills:
 - Level 2.0 Fighting
 + Level 4.3 Axes
 - Level 1.0 Throwing
 - Level 1.1 Armour
 - Level 2.1 Dodging
 - Level 2.0 Spellcasting
 - Level 2.4 Translocations


You had 6 spell levels left.
You didn't know any spells.
Your spell library contained the following spells:

 Spells                   Type           Power      Damage    Failure   Level
 Blink                    Tloc           10%        N/A       38%         2
 Gell's Gravitas          Tloc           5%         N/A       63%         3
 Lesser Beckoning         Tloc           5%         N/A       63%         3
 Teleport Other           Tloc           5%         N/A       63%         3
 Manifold Assault         Tloc           5%         N/A       100%        5

Inventory:

Hand Weapons
 h - a +0 whip
 Y - a +0 hand axe (weapon)
Armour
 f - a +0 ring mail (worn)
Jewellery
 e - a ring of protection from fire (left hand)
Scrolls
 a - 2 scrolls of identify
Potions
 b - a potion of might {unknown}
 c - 2 potions of curing
 i - a potion of lignification {unknown}

Dungeon Overview and Level Annotations

Branches:
Dungeon (2/15)

Altars:


Message History

c - 2 potions of curing (gained 1)
You now have 70 gold pieces (gained 14).
A gnoll comes into view. It is wielding a +0 spear.
The gnoll shouts!
You hear a shout! x2
Enter note: 3 gnolls come into view.
The gnoll shouts! x3
The gnoll hits you with a +0 spear.
You hit the gnoll. You claw the gnoll.
The gnoll is severely wounded.
The gnoll barely misses you.
You hit the gnoll.
The gnoll is almost dead.
The gnoll hits you from afar with a +0 spear.
The gnoll hits you with a +0 spear.
You hit the gnoll.
You kill the gnoll!
You closely miss the gnoll. The gnoll completely misses you.
The gnoll hits you from afar with a +0 spear.
Your Axes skill increases to level 4!
You hit the gnoll.
The gnoll is lightly wounded.
The gnoll hits you with a +0 club. The gnoll barely misses you.
You hit the gnoll. Your kick misses the gnoll.
The gnoll is heavily wounded.
The gnoll completely misses you.
The gnoll hits you from afar with a +0 spear.
The gnoll hits you with a +0 club. The gnoll hits you but does no damage.
The gnoll hits you from afar with a +0 spear.
You hit the gnoll.
You kill the gnoll!
You hit the gnoll. The gnoll closely misses you.
The gnoll hits you from afar with a +0 spear.
You feel your dexterity returning.
You barely miss the gnoll.
The gnoll is lightly wounded.
The gnoll closely misses you. The gnoll hits you with a +0 flail.
You die...

#.# # #....#
#. ## ..#..
#. .... #.
#... #. #...
#. #..g #.
#..)########
#.
#..g@......#
#.
#..#######.#
#. .... #.#
#. ####
#.#########.
#...........
############


You could see 2 gnolls.

Vanquished Creatures
  2 gnolls (D:2)
  2 dart slugs (D:1)
  A bat (D:1)
  4 endoplasms
  A giant cockroach (D:2)
  A goblin (D:1)
  A hobgoblin (D:1)
  2 jackals (D:1)
  2 kobolds (D:1)
  2 quokkas (D:1)
  2 ball pythons (D:1)
  A frilled lizard (D:1)
  A rat (D:1)
22 creatures vanquished.

Notes
Turn   | Place    | Note
-------+----------+-------------------------------------------
     0 | D:1      | qw the Tengu Warper began the quest for the Orb.
     0 | D:1      | Reached XP level 1. HP: 12/12 MP: 4/4
     0 | D:1      | 0 ||| qw: Version: 0.1-a-89-g26bdef1
     0 | D:1      | 0 ||| qw: Game counter: 745
     0 | D:1      | 0 ||| qw: Always use a shield: true
     0 | D:1      | 0 ||| qw: God list: Okawaru
     0 | D:1      | 0 ||| qw: Allow faded altars: false
     0 | D:1      | 0 ||| qw: Do Orc after D:15 true
     0 | D:1      | 0 ||| qw: Do second Lair branch before Depths: true
     0 | D:1      | 0 ||| qw: Lair rune preference: random
     0 | D:1      | 0 ||| qw: Plans: Normal
     0 | D:1      | 0 ||| PLANNING D:1-11
    13 | D:1      | Found a faded altar of an unknown god.
    32 | D:1      | 32 ||| Stepping ~*~*~tactically~*~*~ (hiding).
   280 | D:1      | 280 ||| READING scroll labelled ZIFIGH WOIL.
   281 | D:1      | 281 ||| READING scroll labelled FOIWNAKL PACS.
   282 | D:1      | 282 ||| DROPPING scroll of blinking.
   283 | D:1      | 283 ||| Stepping randomly (stuck).
   284 | D:1      | 284 ||| Stepping randomly (stuck).
   285 | D:1      | 285 ||| Stepping randomly (stuck).
   289 | D:1      | 289 ||| Stepping randomly (stuck).
   290 | D:1      | 290 ||| Stepping randomly (stuck).
   291 | D:1      | 291 ||| Stepping randomly (stuck).
   292 | D:1      | 292 ||| Stepping randomly (stuck).
   293 | D:1      | 293 ||| Stepping randomly (stuck).
   294 | D:1      | 294 ||| Stepping randomly (stuck).
   295 | D:1      | 295 ||| Stepping randomly (stuck).
   550 | D:1      | Reached skill level 3 in Axes
   550 | D:1      | Reached XP level 2. HP: 17/17 MP: 6/6
  1288 | D:1      | 1288 ||| UPGRADING to +0 ring mail.
  1298 | D:1      | 1298 ||| DROPPING +0 leather armour.
  1299 | D:1      | 1299 ||| UPGRADING to ring of protection from fire.
  1300 | D:1      | 1300 ||| READING scroll labelled EHAS FAURENT.
  1424 | D:1      | 1424 ||| DRINKING 2 white potions.
  1425 | D:1      | 1425 ||| READING 2 scrolls of identify.
  1425 | D:1      | 1425 ||| IDENTIFYING viscous clear potion
  1426 | D:1      | 1426 ||| DROPPING potion of degeneration.
  1499 | D:2      | Reached XP level 3. HP: 21/21 MP: 7/7
  1608 | D:2      | Reached skill level 4 in Axes
  1609 | D:2      | HP: 5/21 [gnoll/+0 club (4)]
  1610 | D:2      | HP: 1/21 [gnoll/+0 spear (2)]
  1611 | D:2      | Slain by a gnoll

Levels and vault maps discovered:
D:1:      amcnicky_arrival_choice, layout_loops_corners,
          dreamdust_ecumenical_altar_grove, hangedman_glass_teeth
D:2:      layout_loops_ring, basic_altar, minmay_misc_feat_five, chequers_jeans

Skill      XL: |  1  2  3 |
---------------+----------+-----
Axes           | 3 4 |  4.3
Fighting       | |  2.0
Throwing       | |  1.0
Armour         | |  1.1
Dodging        | |  2.1
Spellcasting   | |  2.0
Translocations | |  2.4

Action                   || total
-------------------------++-------
Melee: Hand axe          ||    58
       Kick              ||    12
       Peck              ||     9
       Punch             ||     1
Throw: Boomerang         ||     7
  Use: Scroll            ||     4
       Potion            ||     1
Armor: Leather armour    ||     9
       Ring mail         ||     7
Dodge: Dodged            ||    26

Table legend:
 A = Non-vault XP
 B = Vault XP
 C = Vault XP percentage of total XP
 D = Non-vault monster count
 E = Vault monster count
 F = Vault count percentage of total count
                 A         B        C        D         E       F
            +---------+---------+-------+---------+---------+-------
      Total |      67 |       0 |   0.0 |      22 |       0 |   0.0
            +---------+---------+-------+---------+---------+-------
        D:1 |      33 |       0 |   0.0 |      17 |       0 |   0.0
        D:2 |      34 |       0 |   0.0 |       5 |       0 |   0.0
            +---------+---------+-------+---------+---------+-------
